 Dungeon Crawl Stone Soup version 0.28.0-45-g0d030f2227 (webtiles) character file.

Game seed: 15238144136547763823

65 101zpm the Insei (level 4, -2/28 HPs)
             Began as an Octopode Transmuter on Apr 12, 2022.
             Succumbed to a water moccasin's poison
             ... on level 7 of the Dungeon.
             The game lasted 00:04:54 (2533 turns).

101zpm the Insei (Octopode Transmuter)              Turns: 2533, Time: 00:04:55

Health: -2/28      AC:  1    Str:  9    XL:     4   Next: 14%
Magic:  8/8        EV: 13    Int: 17    God:
Gold:   108        SH:  0    Dex: 12    Spells: 7/8 levels left

rFire   . . .      SeeInvis .   o - +0 short sword (venom)
rCold   . . .      Faith    .   (no shield)
rNeg    . . .      Spirit   .   (helmet currently unavailable)
rPois   .          Reflect  .   (no amulet)
rElec   .          Harm     .   (no ring)
rCorr   .          Rampage  .   (no ring)
Will    .....                   (no ring)
Stlth   ++........              (no ring)
HPRegen 0.09/turn               (no ring)
MPRegen 0.11/turn               (no ring)
                                (no ring)
                                (no ring)

@: lethally poisoned (-2 -> -20), appendages (expiring)
A: tentacle spike 3, almost no armour, amphibious, 8 rings, camouflage 1,
gelatinous body 1, (nimble swimmer 1), tentacles
a: End Transformation


You were on level 7 of the Dungeon.
One of your tentacles had grown a beastly spike.
You visited 1 branch of the dungeon, and saw 5 of its levels.

You collected 108 gold pieces.

Inventory:

Hand Weapons
 o - a +0 short sword of venom (weapon)
Missiles
 g - 98 stones
 h - 43 sling bullets
 i - 41 bolts
Jewellery
 k - a ring of fire
Wands
 n - a wand of paralysis (9)
Scrolls
 a - a scroll of enchant weapon {unknown}
 c - a scroll of immolation {unknown}
 d - a scroll of identify {unknown}
 e - a scroll of fog {unknown}
 f - a scroll of noise {unknown}
 j - a scroll of magic mapping {unknown}
 m - a scroll of teleportation {unknown}
Potions
 b - a potion of might {unknown}
 l - a potion of berserk rage {unknown}
 p - a potion of heal wounds {unknown}


   Skills:
 + Level 1.0 Fighting
 + Level 0.2 Short Blades
 + Level 2.1 Dodging
 + Level 0.9 Stealth
 + Level 3.7 Unarmed Combat
 + Level 2.8 Spellcasting
 + Level 2.4 Transmutations


You had 7 spell levels left.
You knew the following spells:

 Your Spells              Type           Power      Damage    Failure   Level
a - Beastly Appendage     Tmut           20%        N/A       7%          1

Your spell library contained the following spells:

 Spells                   Type           Power      Damage    Failure   Level
 Wereblood                Tmut           10%        N/A       10%         2
 Spider Form              Tmut/Pois      6%         N/A       32%         3
 Ice Form                 Ice/Tmut       6%         N/A       71%         4


Dungeon Overview and Level Annotations

Branches:
Dungeon (7/15)
 Temple: D:4-7

Altars:

Shops:
D:2 :   D:3 *


Innate Abilities, Weirdness & Mutations

One of your tentacles has grown a beastly spike.
You cannot wear most types of armour.
You are amphibious.
You can wear up to eight rings at the same time.
Your skin changes colour to match your surroundings (Stealth+).
Your rubbery body absorbs attacks. (AC +1, EV +1)
((You are camouflaged when in or above water. (Stealth+)))
You have tentacles for arms and can constrict up to eight enemies at once.


Message History

The water moccasin completely misses you.
You hit the water moccasin. You grab the water moccasin.
Your tentacle spike misses the water moccasin.
You squeeze the water moccasin!
The water moccasin is heavily wounded.
You constrict the water moccasin.
The water moccasin bites you but does no damage.
The water moccasin bites you.
You hit the water moccasin but do no damage.
The water moccasin is heavily wounded.
You constrict the water moccasin, but do no damage.
The water moccasin bites you.
You hit the water moccasin but do no damage.
You pierce the water moccasin.
The water moccasin is heavily wounded.
Your transformation is almost over.
You constrict the water moccasin, but do no damage.
The water moccasin barely misses you. The water moccasin bites you.
You are too injured to fight recklessly!
You hit the water moccasin but do no damage.
You pierce the water moccasin, but do no damage.
The water moccasin is heavily wounded.
You constrict the water moccasin, but do no damage.
The water moccasin bites you.
Casting: Beastly Appendage (safe; 7% risk of failure)
Confirm with . or Enter, or press ? or * to list all spells.
Okay, then.
Memorise Wereblood, consuming 2 spell levels and leaving 5?
You constrict the water moccasin. The water moccasin bites you.
Your memorisation is interrupted.
* * * LOW HITPOINT WARNING * * *
The water moccasin bites you.
* * * LOW HITPOINT WARNING * * *
You are lethally poisoned!
The water moccasin poisons you!
Casting: Beastly Appendage (safe; 7% risk of failure)
Confirm with . or Enter, or press ? or * to list all spells.
Okay, then.
You release your grip on the water moccasin.
You die...

........#######....#
#..####.# ##.#.#
#..## #.# ###.#
#...# #.# #####.#.
#.#.###.# #....###
#.......# #.###.#.
###.##### #.# ##..
#.# ##.###.## #@#
##......# #.#
#.#.#.#.## #S#
#.#....... ..#
#.###.#### ####
##........ #########


You could see a water moccasin.

Vanquished Creatures
  An adder (D:2)
  A howler monkey skeleton (D:3)
  A shadow imp (D:7)
  A white imp (D:7)
  A worm (D:2)
  A dart slug (D:1)
  An endoplasm (D:3)
  2 giant cockroaches
  A goblin (D:1)
  A hobgoblin (D:1)
  2 quokkas (D:1)
  6 ball pythons
  3 bats
  A frilled lizard (D:1)
  3 kobolds
  2 rats
28 creatures vanquished.

Notes
Turn   | Place    | Note
-------+----------+-------------------------------------------
     0 | D:1      | 101zpm the Octopode Transmuter began the quest for the Orb.
     0 | D:1      | Reached XP level 1. HP: 13/13 MP: 3/3
   160 | D:1      | Reached XP level 2. HP: 12/18 MP: 3/5
  1134 | D:2      | Found Ololee's Book Shop.
  1238 | D:2      | Reached XP level 3. HP: 23/23 MP: 4/6
  1962 | D:3      | Found Jaumos's General Store.
  2229 | D:3      | You fall into a shaft and drop 3 floors!
  2239 | D:7      | Reached XP level 4. HP: 24/28 MP: 6/8
  2522 | D:7      | Noticed a water moccasin
  2533 | D:7      | Succumbed to a water moccasin's poison

Illustrated notes

Levels and vault maps discovered:
D:1:      minmay_arrival_three_doors, layout_rooms, minivault_23
D:2:      layout_loops_ring, serial_shops, shop, chequers_serial_rivers_micro_c
D:3:      layout_loops_ring, serial_shops, shop, nicolae_shop_hallway_stairs,
          shop_statue, ebering_ecumenical_altar_mist, uniq_natasha
D:6:      layout_gridville, uniq_edmund, uniq_blork_the_orc, uniq_menkaure
D:7:      layout_loops_corners, minmay_temple_entry_butterflies,
          ebering_ghost_reflecting_pool, uniq_harold

Action                   |  1- 3 |  4- 6 || total
-------------------------+-------+-------++-------
Melee: Unarmed           |    39 |       ||    39
       Constrict         |    19 |     2 ||    21
       Kick              |    15 |     5 ||    20
       Tentacles         |     8 |     1 ||     9
       Short sword       |    24 |     9 ||    33
       Punch             |     3 |       ||     3
 Cast: Beastly Appendage |    15 |     2 ||    17
 Stab: Sleeping          |     3 |       ||     3
Armor: Skin              |     7 |     1 ||     8
Dodge: Dodged            |    53 |     5 ||    58
